 Dungeon Crawl Stone Soup version 0.30-a0-222-ge547ba4400 (webtiles) character file.

Game seed: 16454169286554534394

29 Decritt the Grave Robber (level 3, 26/26 HPs)
             Began as a Demonspawn Necromancer on Oct 8, 2022.
             Quit the game on level 2 of the Dungeon.
             The game lasted 00:03:22 (1635 turns).

Decritt the Grave Robber (Demonspawn Necromancer)   Turns: 1635, Time: 00:03:23

Health: 26/26      AC:  2    Str: 14    XL:     3   Next: 1%
Magic:  6/6        EV: 11    Int: 18    God:
Gold:   71         SH:  3    Dex: 13    Spells: 5/6 levels left

rFire   . . .      SeeInvis .    e - +0 dagger
rCold   + . .      Faith    .    i - +0 buckler {rC+}
rNeg    . . .      Spirit   .    a - +0 robe
rPois   .          Reflect  .    (no helmet)
rElec   .          Harm     .    (no cloak)
rCorr   .          Rampage  .    (no gloves)
Will    +....                    (no boots)
Stlth   ++........               (no amulet)
HPRegen 0.24/turn                f - +6 ring of strength
MPRegen 0.10/turn                j - ring of willpower

@: no status effects
A: hooves 1, foul stench 1
a: no special abilities


You were on level 2 of the Dungeon.
You visited 1 branch of the dungeon, and saw 2 of its levels.

You collected 71 gold pieces.

Inventory:

Hand Weapons
 e - a +0 dagger (weapon)
Armour
 a - a +0 robe (worn)
 i - a +0 buckler of cold resistance (worn)
Jewellery
 f - a +6 ring of strength (left hand)
 j - a ring of willpower (right hand)
Scrolls
 d - 2 scrolls of enchant armour {unknown}
 g - 2 scrolls of amnesia {unknown}
 h - a scroll of enchant weapon {unknown}
 k - a scroll of acquirement {unknown}
 l - a scroll of poison {unknown}
 m - a scroll of identify {unknown}
Potions
 b - a potion of magic
 c - 2 potions of curing {unknown}


   Skills:
 + Level 1.0 Fighting
 + Level 0.9 Armour
 + Level 2.1 Dodging
 - Level 1.7 Stealth
 + Level 2.3 Spellcasting
 + Level 4.6 Necromancy


You had 5 spell levels left.
You knew the following spells:

 Your Spells              Type           Power      Damage    Failure   Level
a - Necrotise             Necr           72%        1d7       3%          1

Your spell library contained the following spells:

 Spells                   Type           Power      Damage    Failure   Level
 Vampiric Draining        Necr           18%        2d7       11%         3
 Animate Dead             Necr           18%        N/A       34%         4
 Agony                    Necr           18%        N/A       69%         5


Dungeon Overview and Level Annotations

Branches:
Dungeon (2/15)

Altars:


Innate Abilities, Weirdness & Mutations

You have large cloven feet.
You may rarely emit foul miasma when damaged in melee.


Message History

Where to? (? - help)
There is a stone staircase leading down here.
You climb downwards.
Found a scroll labelled POFEETRULORPH.
There is a stone staircase leading up here.
k - a scroll labelled POFEETRULORPH A bat comes into view.
Found a stone staircase leading down.
The bat writhes in agony.
The bat barely misses you.
You hit the bat.
You kill the bat!
You have reached level 3!
Your experience leads to an increase in your attributes!
Your base attributes are Str 8, Int 16, Dex 13.
Increase (s)trength, (i)ntelligence, or (d)exterity?
You feel clever. x2; Your demonic ancestry asserts itself...
You begin to emit a foul stench of rot and decay.
Magic restored.
You see here a bat corpse.
Found an escape hatch in the ceiling.
No target in view!
There is a stone staircase leading down here.
Found 7 stones.
You now have 40 gold pieces (gained 6).
l - a scroll labelled DIAMEA NOTUPTO
m - a scroll labelled GUUWUCELAW
Found a stone staircase leading up.
You open the door.
There is an open door here.
You open the door.
There is an open door here.
You now have 52 gold pieces (gained 12).
g - 2 scrolls labelled NURION OBRI (gained 1)
You now have 71 gold pieces (gained 19).
You open the door.
There is an open door here.
You open the door.
There is an open door here.
Found a faded altar of an unknown god.
Are you sure you want to abandon this character and quit the game? (Confirm with "yes".)

.# # #.## .. #...
._###..## #......##
......# #...# #@# #.#
#.# #.# #.# #.# ##'##
######.# ##...##
.....#.# ##.....## #
####..#.###.......#
#.#.......##.........#
...........'.........+


There were no monsters in sight!

Vanquished Creatures
  3 dart slugs (D:1)
  4 endoplasms (D:1)
  2 hobgoblins (D:1)
  A quokka (D:1)
  2 bats
  6 frilled lizards (D:1)
  A goblin (D:1)
  A kobold (D:1)
  A rat (D:1)
21 creatures vanquished.

Vanquished Creatures (collateral kills)
  A giant cockroach (D:1)
  A kobold (D:1)
2 creatures vanquished.

Grand Total: 23 creatures vanquished

Notes
Turn   | Place    | Note
-------+----------+-------------------------------------------
     0 | D:1      | Decritt the Demonspawn Necromancer began the quest for the
                  | Orb.
     0 | D:1      | Reached XP level 1. HP: 13/13 MP: 3/3
   366 | D:1      | Gained mutation: You have large cloven feet. [demonic
                  | ancestry]
   366 | D:1      | Reached XP level 2. HP: 20/20 MP: 0/5
  1080 | D:1      | Reached skill level 1 in Fighting
  1422 | D:2      | Gained mutation: You may rarely emit foul miasma when
                  | damaged in melee. [demonic ancestry]
  1422 | D:2      | Reached XP level 3. HP: 26/26 MP: 4/6
  1634 | D:2      | Found a faded altar of an unknown god.
  1635 | D:2      | Quit the game

Illustrated notes

Levels and vault maps discovered:
D:1:      lemuel_arrival_hallway, layout_basic
D:2:      layout_loops_corners, basic_ecumenical_altar

Skill      XL: |  1  2 |
---------------+-------+-----
Dodging        | 2 |  2.1
Fighting       | 1 |  1.0
Armour         | |  0.9
Stealth        | |  1.7
Spellcasting   | |  2.3
Necromancy     | |  4.6

Action                   || total
-------------------------++-------
Melee: Unarmed           ||     6
       Dagger            ||     5
       Kick              ||     2
 Cast: Necrotise         ||    40
Armor: Robe              ||     4
Dodge: Dodged            ||    11

Table legend: (Time is in decaauts)
 A = Elapsed time spent in this place.
 B = Non-inter-level travel time spent in this place.
 C = Inter-level travel time spent in this place.
 D = Time resting spent in this place.
 E = Time spent auto-exploring this place.
 F = Levels seen in this place.
 G = Mean time per level.
                   A        B        C        D        E       F      G
               +--------+--------+--------+--------+--------+-----+--------+
         Total |   1633 |   1563 |     70 |      0 |   1437 |   2 |  816.5 |
       Dungeon |   1633 |   1563 |     70 |      0 |   1437 |   2 |  816.5 |
               +--------+--------+--------+--------+--------+-----+--------+

Top non-repeatable levels by time:
     D:1: 1397 daAuts
     D:2: 235 daAuts
